 Dungeon Crawl Stone Soup version 0.31.0-12-g77e489cdc1 (webtiles) character file.

Game seed: 13272218031797844924

1745 Gadfly the Sneak (level 8, 0/40 HPs)
             Began as a Spriggan Enchanter on Feb 18, 2024.
             Was an Initiate of Gozag.
             Shot with an arrow by a centaur (13 damage)
             ... on level 6 of the Dungeon.
             The game lasted 00:10:39 (6783 turns).

Gadfly the Sneak (Spriggan Enchanter)               Turns: 6783, Time: 00:10:39

Health: 0/40       AC:  3    Str:  4    XL:     8   Next: 77%
Magic:  15/17      EV: 20    Int: 16    God:    Gozag
Gold:   387        SH:  0    Dex: 18    Spells: 13/18 levels left

rFire   . . .        b - +1 dagger (holy)
rCold   . . .        (no shield)
rNeg    . . .        o - +0 robe
rPois   .            u - +0 hat
rElec   .            n - +0 cloak
rCorr   .            (gloves unavailable)
SInv    +            (boots unavailable)
Will    +....        (no amulet)
Stlth   ++++         (no ring)
HPRegen 0.26/turn    (no ring)
MPRegen 0.15/turn

%: clarity
@: very quick
A: very small, no large weapons, unfitting armour, see invisible, speed 3, beak,
talons 1, clarity
a: Renounce Religion, Potion Petition, Call Merchant, Bribe Branch


You were on level 6 of the Dungeon.
You worshipped Gozag.
Gozag was aware of your devotion.
You visited 2 branches of the dungeon, and saw 7 of its levels.

You collected 600 gold pieces.
You spent 105 gold pieces at shops.
You paid 108 gold pieces to Gozag.

Inventory:

Hand Weapons
 a - a +2 dagger
 b - a +1 dagger of holy wrath (weapon)
 t - a +5 dagger
Armour
 n - a +0 cloak (worn)
 o - a +0 robe (worn)
 u - a +0 hat (worn)
Wands
 i - a wand of flame (6)
 m - a wand of paralysis (11)
Scrolls
 e - a scroll of amnesia
 s - a scroll of enchant weapon
Potions
 c - 2 potions of invisibility
 d - a potion of magic
 f - a potion of haste
 g - 2 potions of heal wounds
 h - a potion of lignification
 j - a potion of brilliance {unknown}
 k - 2 potions of mutation
 l - 2 potions of curing
 p - a potion of resistance
 r - a potion of berserk rage {unknown}


   Skills:
 + Level 3.4 Fighting
 + Level 4.8 Short Blades
 + Level 6.0 Dodging
 + Level 7.9 Stealth
 + Level 5.6 Spellcasting
 + Level 6.2 Hexes
 + Level 5.3 Evocations


You had 13 spell levels left.
You knew the following spells:

 Your Spells              Type           Power      Damage    Failure   Level
a - Ensorcelled Hibernat  Hex/Ice        28%        N/A       6%          2
b - Confusing Touch       Hex            24%        N/A       3%          3

Your spell library contained the following spells:

 Spells                   Type           Power      Damage    Failure   Level
 Slow                     Hex            96%        N/A       1%          1
 Sigil of Binding         Hex            24%        N/A       3%          3
 Tukima's Dance           Hex            24%        N/A       3%          3
 Dazzling Flash           Conj/Hex       28%        N/A       12%         3
 Call Imp                 Summ           8%         N/A       22%         2
 Sublimation of Blood     Necr           4%         N/A       22%         2
 Mephitic Cloud           Conj/Alch/Air  4%         N/A       41%         3
 Vampiric Draining        Necr           4%         2d6       41%         3
 Vhi's Electric Charge    Tloc/Air       8%         N/A       82%         4
 Plasma Beam              Fire/Air       2%         2x1d12    100%        6
 Summon Hydra             Summ           2%         N/A       100%        7


Dungeon Overview and Level Annotations

Branches:
Dungeon (6/15)             Temple (1/1) D:5

Altars:
Ashenzari
Cheibriados
Dithmenos
Fedhas
Gozag
Hepliaklqana
Kikubaaqudgha
Nemelex Xobeh
Okawaru
Qazlal
Ru
Sif Muna
Trog
Uskayaw
Vehumet
Wu Jian
Xom
Yredelemnul
Zin
The Shining One

Shops:
D:2 [=[*?


Innate Abilities, Weirdness & Mutations

You are very small and have problems with some larger weapons.
You are too small for most types of armour.
You have supernaturally acute eyesight. (SInv)
You cover ground extremely quickly. (Speed+++)
You have a beak for a mouth.
You have sharp toenails.
You possess an exceptional clarity of mind.


Message History

As you read the scroll labelled XAAPRI QIEGOETS, it crumbles to dust.
The air around you briefly surges with heat, but it dissipates.
It was a scroll of immolation.
HP restored.
Magic restored.
Found an escape hatch in the ceiling.
Okay, then.
Okay, then.
It was a potion of magic.
Magic courses through your body.
There is an escape hatch in the ceiling here.
You pick up Sif Muna's Grimoire of Creeping Electrocution and begin reading...
It was Sif Muna's Grimoire of Creeping Electrocution.
You add the spells Mephitic Cloud, Vhi's Electric Charge and Plasma Beam to your library.
Found a stone staircase leading up.
Found 2 stones.
There is a stone staircase leading up here.
There is a stone staircase leading up here.
Found a dagger.
Found a mace.
Okay, then.
Okay, then.
You see here a +0 dagger.
Found a stone staircase leading up.
There is a stone staircase leading down here.
A centaur comes into view.
The centaur shouts!
You hear an angry hiss.
A centaur is nearby!
A centaur is nearby!
A centaur is nearby!
Found a serpent talisman.
A white imp comes into view.
Found 3 stones.
The centaur wields a +0 orcbow.
The centaur shoots an arrow.
The arrow misses you.
The centaur shoots an arrow.
The arrow hits you!
The centaur resists with some effort.
The centaur shoots an arrow.
The arrow hits you!
You are too injured to fight recklessly!
The centaur shoots an arrow.
The arrow hits you!
You die...
Your body crumbles into a pile of gold.

....# ####.######## ##.##
#....# #..# #.##.#
##..####.##.# #
............### .#
..######......######.####
..# #.####............
[.# ####..>.......5..###
..###...........@......#
......##...#######.c...#
.#########.# .(%.... .#
#.# .....## .# #.# .....#
.# #.# ##.### .# #.# .#
.# #.# .# .# #..


You could see a centaur and a white imp.

Vanquished Creatures
  Grinder (D:3)
  A shadow (D:5)
  2 ice beasts
  A centaur (D:5)
  A kobold brigand (D:6)
  A phantom (D:5)
  A gnoll sergeant (D:6)
  2 scorpions
  3 wights (D:6)
  6 electric eels (D:5)
  Crazy Yiuf (D:3)
  2 iguanas (D:3)
  Ijyb (D:5)
  2 orc wizards
  5 gnolls (D:6)
  15 adders
  A shadow imp (D:4)
  An ufetubus (D:5)
  3 dart slugs
  6 orcs
  7 ball pythons
  5 bats
  2 endoplasms
  3 giant cockroaches
  8 goblins
  4 hobgoblins
  2 jackals (D:5)
  10 kobolds
  3 quokkas
  4 frilled lizards
  6 rats
110 creatures vanquished.

Notes
Turn   | Place    | Note
-------+----------+-------------------------------------------
     0 | D:1      | Gadfly the Spriggan Enchanter began the quest for the Orb.
     0 | D:1      | Reached XP level 1. HP: 9/9 MP: 5/5
   161 | D:1      | Reached XP level 2. HP: 7/13 MP: 6/6
   271 | D:1      | Learned a level 2 spell: Ensorcelled Hibernation
   765 | D:2      | Found Ceud's Magic Scroll Shoppe.
   774 | D:2      | Bought a scroll of amnesia for 40 gold pieces
   799 | D:2      | Reached skill level 1 in Evocations
   799 | D:2      | Reached XP level 3. HP: 17/17 MP: 2/8
   908 | D:2      | Found Huqiuj's Armour Shoppe.
   956 | D:2      | Found Ofut's Jewellery Shop.
  1094 | D:2      | Found Ucuxo's Antique Armour Shoppe.
  1419 | D:2      | Found a shimmering blue altar of Sif Muna.
  1452 | D:2      | Found Tugekh's General Store.
  1462 | D:2      | Bought a potion of heal wounds for 65 gold pieces
  1672 | D:3      | Learned a level 3 spell: Confusing Touch
  1808 | D:3      | Reached skill level 1 in Fighting
  1808 | D:3      | Reached skill level 5 in Stealth
  1808 | D:3      | Reached XP level 4. HP: 22/22 MP: 9/9
  2070 | D:3      | Noticed a scorpion
  2078 | D:3      | Reached XP level 5. HP: 25/25 MP: 5/11
  2227 | D:3      | Noticed Grinder
  2243 | D:3      | Killed Grinder
  2244 | D:3      | Reached XP level 6. HP: 19/30 MP: 9/12
  2302 | D:3      | Found a runed translucent door.
  2303 | D:3      | Noticed Crazy Yiuf
  2642 | D:3      | Reached skill level 6 in Stealth
  2880 | D:3      | Killed Crazy Yiuf
  3325 | D:4      | Reached XP level 7. HP: 10/35 MP: 7/14
  3952 | D:4      | Gained mutation: You have a beak for a mouth. [potion of
                  | mutation]
  3952 | D:4      | Gained mutation: You possess an exceptional clarity of
                  | mind. [potion of mutation]
  3952 | D:4      | Gained mutation: You have sharp toenails. [potion of
                  | mutation]
  3981 | D:5      | Entered Level 5 of the Dungeon
  3983 | D:5      | Found a staircase to the Ecumenical Temple.
  4033 | D:5      | Reached skill level 5 in Hexes
  4059 | Temple   | Entered the Ecumenical Temple
  4151 | Temple   | Became a worshipper of Gozag Ym Sagoz the Greedy
  4226 | D:5      | Noticed Ijyb
  4228 | D:5      | Paralysed by Ijyb for 3 turns
  4234 | D:5      | Killed Ijyb
  4506 | D:5      | Found a shadowy altar of Dithmenos.
  5423 | D:5      | Reached skill level 5 in Dodging
  5464 | D:5      | Noticed a shadow
  5477 | D:5      | Killed a shadow
  5478 | D:5      | Reached skill level 7 in Stealth
  5478 | D:5      | Reached XP level 8. HP: 21/39 MP: 13/16
  5598 | D:5      | Reached skill level 5 in Spellcasting
  6260 | D:6      | Reached skill level 5 in Evocations
  6545 | D:6      | Got Sif Muna's Grimoire of Creeping Electrocution
  6783 | D:6      | Shot with an arrow by a centaur

Illustrated notes

Levels and vault maps discovered:
D:1:      dpeg_arrival_orchard, layout_loops_ring
D:2:      layout_rooms, basic_altar, serial_shops, nicolae_shop_tiny_glass,
          nicolae_shop_hallway_stairs, nicolae_shop_advertising_works
          [nicolae_subvault_shop_adworks], nicolae_shop_peninsula, shop
D:3:      layout_loops_ring, minmay_snake_closets, uniq_crazy_yiuf_cottage,
          uniq_grinder
D:4:      layout_basic
D:5:      cheibrodos_two_vegetables, layout_loops_corners, pf_just_have_faith,
          minmay_temple_entry_steel_oval, uniq_ijyb
D:6:      layout_loops_ring
Temple:   nicolae_temple_bog_church

Skill      XL: |  1  2  3  4  5  6  7  8 |
---------------+-------------------------+-----
Dodging        | 3 4 5 6 |  6.0
Spellcasting   | 3 4 5 |  5.6
Evocations     | 1 2 3 4 5 |  5.3
Short Blades   | 2 3 4 |  4.8
Hexes          | 4 5 6 |  6.2
Fighting       | 1 2 3 |  3.4
Stealth        | 5 6 7 |  7.9

Action                     |  1- 3 |  4- 6 |  7- 9 || total
---------------------------+-------+-------+-------++-------
  Melee: Dagger            |   122 |    73 |   124 ||   319
         Punch             |     2 |     1 |     1 ||     4
         Peck              |       |       |    26 ||    26
         Kick              |       |       |    34 ||    34
   Cast: Ensorcelled Hiber |    19 |    17 |    40 ||    76
         Confusing Touch   |       |     2 |     7 ||     9
  Evoke: Wand              |       |       |     6 ||     6
    Use: Scroll            |     2 |     1 |     6 ||     9
         Potion            |     1 |     2 |     2 ||     5
   Stab: Sleeping          |    18 |    24 |    18 ||    60
         Distracted        |       |     1 |       ||     1
         Confused          |       |     3 |     8 ||    11
 Armour: Robe              |    35 |    19 |    38 ||    92
  Dodge: Dodged            |    92 |    41 |    97 ||   230
